[ PARTIDA AOE2 · #477264043 ]
UnrankedMaya vs Goths
[ ANÁLISIS DE REPETICIÓN · EXTRAÍDO DE LA PARTIDA GRABADA ]
Feudal
12:01
Castillos
15:56
Imperial
39:24
| APM promedio | 44.9 |
| APM pico | 87 |
| eAPM promedio | 20.9 |
| Aldeanos / militares | 177 / 151 |
Foco
⚔️ 39.4% · 🌾 60.6%
Plumed Archer ×78 · Eagle Scout ×68 · Militia ×3 · Mangonel ×2 · Trade Cart ×2
Feudal
9:59
Castillos
15:03
Imperial
45:26
| APM promedio | 61.1 |
| APM pico | 102 |
| eAPM promedio | 25.6 |
| Aldeanos / militares | 134 / 88 |
Foco
⚔️ 20.7% · 🌾 79.3%
Ratha (Ranged) ×66 · Monk ×17 · Skirmisher ×5
Feudal
9:21
Castillos
18:22
Imperial
41:49
| APM promedio | 37.2 |
| APM pico | 63 |
| eAPM promedio | 17.4 |
| Aldeanos / militares | 210 / 137 |
Foco
⚔️ 33.6% · 🌾 66.4%
Huskarl ×83 · Knight ×46 · Scout Cavalry ×6 · Trebuchet (Packed) ×2
Feudal
8:26
Castillos
21:23
Imperial
38:36
| APM promedio | 50.3 |
| APM pico | 94 |
| eAPM promedio | 29.0 |
| Aldeanos / militares | 220 / 250 |
Foco
⚔️ 44.8% · 🌾 55.2%
Woad Raider ×217 · Battering Ram ×16 · Scout Cavalry ×15 · Trade Cart ×5 · Monk ×1 · Knight ×1
Feudal
11:35
Castillos
15:31
Imperial
39:40
| APM promedio | 43.4 |
| APM pico | 79 |
| eAPM promedio | 22.5 |
| Aldeanos / militares | 128 / 62 |
Foco
⚔️ 33.5% · 🌾 66.5%
Mangudai ×58 · Mangonel ×3 · Trebuchet (Packed) ×1
Feudal
9:38
Castillos
22:51
Imperial
35:54
| APM promedio | 59.9 |
| APM pico | 108 |
| eAPM promedio | 30.6 |
| Aldeanos / militares | 115 / 166 |
Foco
⚔️ 50.1% · 🌾 49.9%
Archer ×150 · Trade Cart ×13 · Trebuchet (Packed) ×9 · Spearman ×5 · Monk ×2
Feudal
8:43
Castillos
25:17
Imperial
38:48
| APM promedio | 50.7 |
| APM pico | 83 |
| eAPM promedio | 22.0 |
| Aldeanos / militares | 130 / 261 |
Foco
⚔️ 32.4% · 🌾 67.6%
Scout Cavalry ×191 · Knight ×68 · Camel Scout ×2
Feudal
8:25
Castillos
19:43
Imperial
40:15
| APM promedio | 43.7 |
| APM pico | 90 |
| eAPM promedio | 24.6 |
| Aldeanos / militares | 151 / 162 |
Foco
⚔️ 46.1% · 🌾 53.9%
Elephant Archer ×89 · Archer ×65 · Armored Elephant ×6 · Monk ×1 · Trebuchet (Packed) ×1
Mapa de la partida
Recursos iniciales + cada clic de construcción. Líneas = muros · curvas = relieve. ◆ oro · ⬟ piedra · ● bayas · ✦ reliquia · ◌ hueco del cierre
Tu base· ✓ Cerrada en 15:56 · 73t muro · 2 puerta(s)
Base de 银背小猩猩· Abierta — hueco de 14t
Base de scorpion145· Abierta — hueco de 13t
Base de T· Abierta — flanco sin cerrar
Base de sadys· Abierta — hueco de 3t
Base de Zni.speedlimit· Abierta — hueco de 3t
Base de 种田小胡· Abierta — hueco de 7t
Base de Eugenius· Abierta — hueco de 13t
Terreno inicial suavizado · ◌ = hueco del cierre detectado · pasá el cursor para detalles
Inputs por minuto
— 黑炎柠檬茶 - - 银背小猩猩
Build order — 黑炎柠檬茶
Primeras 150 de 474 acciones detectadas
| 0:04 | Construir | Town Center |
| 1:05 | Crear | Villager (Male) |
| 1:06 | Crear | Villager (Male) |
| 1:07 | Crear | Villager (Male) |
| 1:08 | Crear | Villager (Male) |
| 1:43 | Crear | Villager (Male) |
| 1:49 | Construir | Lumber Camp |
| 1:55 | Crear | Villager (Male) |
| 2:43 | Crear | Villager (Male) |
| 3:05 | Crear | Villager (Male) |
| 3:43 | Construir | House |
| 3:45 | Construir | House |
| 3:48 | Crear | Villager (Male) |
| 3:48 | Crear | Villager (Male) |
| 4:13 | Construir | Palisade Wall |
| 4:16 | Crear | Villager (Male) |
| 4:36 | Construir | Mill |
| 4:41 | Crear | Villager (Male) |
| 4:41 | Crear | Villager (Male) |
| 4:55 | Crear | Villager (Male) |
| 5:18 | Crear | Villager (Male) |
| 5:18 | Crear | Villager (Male) |
| 5:38 | Construir | Palisade Wall |
| 5:43 | Construir | Palisade Wall |
| 5:48 | Construir | Palisade Wall |
| 6:02 | Crear | Villager (Male) |
| 6:02 | Crear | Villager (Male) |
| 6:35 | Crear | Villager (Male) |
| 6:36 | Crear | Villager (Male) |
| 6:48 | Crear | Villager (Male) |
| 6:59 | Construir | Mining Camp |
| 7:55 | Crear | Villager (Male) |
| 8:25 | Crear | Villager (Male) |
| 8:29 | Investigar | Loom |
| 8:41 | Construir | Mining Camp |
| 9:24 | Investigar | Feudal Age |
| 9:57 | Construir | House |
| 9:58 | Construir | Palisade Wall |
| 10:19 | Crear | Villager (Male) |
| 10:19 | Crear | Villager (Male) |
| 10:20 | Crear | Villager (Male) |
| 11:10 | Construir | Palisade Wall |
| 11:21 | Construir | Palisade Wall |
| 11:58 | Construir | Palisade Wall |
| 12:01 | Edad | Edad Feudal |
| 12:11 | Construir | Market |
| 12:15 | Construir | Blacksmith |
| 12:49 | Construir | House |
| 13:01 | Investigar | Double-Bit Axe |
| 13:04 | Investigar | Castle Age |
| 13:04 | Investigar | Castle Age |
| 13:59 | Construir | Palisade Wall |
| 14:06 | Construir | Palisade Gate |
| 14:51 | Construir | Palisade Gate |
| 14:58 | Construir | Palisade Gate |
| 14:59 | Construir | Palisade Wall |
| 15:36 | Crear | Villager (Male) |
| 15:44 | Construir | Palisade Wall |
| 15:56 | Edad | Edad de los Castillos |
| 16:23 | Crear | Villager (Male) |
| 17:02 | Construir | Castle |
| 17:29 | Crear | Villager (Male) |
| 17:29 | Crear | Villager (Male) |
| 17:49 | Construir | Town Center |
| 17:56 | Crear | Plumed Archer |
| 17:56 | Crear | Plumed Archer |
| 18:01 | Crear | Villager (Male) |
| 18:04 | Investigar | Bow Saw |
| 18:13 | Crear | Villager (Male) |
| 18:16 | Crear | Plumed Archer |
| 18:31 | Construir | Farm |
| 18:34 | Construir | Farm |
| 18:35 | Construir | Farm |
| 18:35 | Construir | Farm |
| 18:35 | Construir | Farm |
| 18:35 | Construir | Farm |
| 18:44 | Crear | Villager (Male) |
| 18:44 | Crear | Villager (Male) |
| 18:58 | Crear | Villager (Male) |
| 19:05 | Construir | Palisade Gate |
| 19:14 | Crear | Villager (Male) |
| 19:14 | Crear | Villager (Male) |
| 19:22 | Construir | Farm |
| 19:34 | Crear | Plumed Archer |
| 19:35 | Crear | Plumed Archer |
| 19:35 | Crear | Plumed Archer |
| 19:49 | Crear | Villager (Male) |
| 19:49 | Crear | Villager (Male) |
| 19:55 | Construir | Palisade Wall |
| 20:25 | Crear | Villager (Male) |
| 20:26 | Crear | Villager (Male) |
| 20:27 | Crear | Plumed Archer |
| 20:27 | Crear | Plumed Archer |
| 20:53 | Crear | Plumed Archer |
| 20:54 | Crear | Plumed Archer |
| 20:57 | Crear | Villager (Male) |
| 20:57 | Crear | Villager (Male) |
| 21:03 | Crear | Plumed Archer |
| 21:05 | Construir | Farm |
| 21:25 | Crear | Plumed Archer |
| 21:26 | Crear | Plumed Archer |
| 21:31 | Crear | Villager (Male) |
| 21:32 | Crear | Villager (Male) |
| 21:36 | Construir | Farm |
| 21:37 | Construir | Farm |
| 21:37 | Construir | Farm |
| 21:42 | Construir | Farm |
| 21:47 | Crear | Plumed Archer |
| 21:50 | Crear | Villager (Male) |
| 21:51 | Crear | Villager (Male) |
| 22:10 | Construir | Farm |
| 22:16 | Crear | Plumed Archer |
| 22:16 | Crear | Plumed Archer |
| 22:30 | Crear | Villager (Male) |
| 22:31 | Crear | Villager (Male) |
| 23:07 | Crear | Villager (Male) |
| 23:08 | Crear | Villager (Male) |
| 23:08 | Crear | Villager (Male) |
| 23:20 | Crear | Villager (Male) |
| 23:20 | Crear | Villager (Male) |
| 23:26 | Construir | Mill |
| 23:27 | Construir | Farm |
| 23:27 | Construir | Farm |
| 23:27 | Construir | Farm |
| 23:28 | Construir | Farm |
| 23:28 | Construir | Farm |
| 23:28 | Construir | Farm |
| 23:30 | Crear | Villager (Male) |
| 23:33 | Construir | Farm |
| 23:38 | Crear | Plumed Archer |
| 23:38 | Crear | Plumed Archer |
| 23:38 | Crear | Plumed Archer |
| 23:39 | Crear | Plumed Archer |
| 23:47 | Investigar | Fletching |
| 23:48 | Investigar | Fletching |
| 24:01 | Construir | Farm |
| 24:03 | Crear | Plumed Archer |
| 24:03 | Crear | Plumed Archer |
| 24:05 | Crear | Villager (Male) |
| 24:05 | Crear | Villager (Male) |
| 24:12 | Crear | Villager (Male) |
| 24:13 | Crear | Villager (Male) |
| 24:15 | Construir | House |
| 24:16 | Construir | House |
| 24:17 | Construir | House |
| 24:17 | Construir | House |
| 24:24 | Crear | Villager (Male) |
| 24:32 | Construir | House |
| 24:33 | Construir | House |
| 24:46 | Crear | Plumed Archer |
Build order — 银背小猩猩
Primeras 150 de 343 acciones detectadas
| 0:05 | Construir | Town Center |
| 1:06 | Crear | Villager (Male) |
| 1:06 | Crear | Villager (Male) |
| 1:06 | Crear | Villager (Male) |
| 1:06 | Crear | Villager (Male) |
| 1:07 | Crear | Villager (Male) |
| 1:07 | Crear | Villager (Male) |
| 1:49 | Crear | Villager (Male) |
| 1:49 | Crear | Villager (Male) |
| 2:25 | Crear | Villager (Male) |
| 2:34 | Crear | Villager (Male) |
| 2:34 | Crear | Villager (Male) |
| 3:01 | Crear | Villager (Male) |
| 3:01 | Crear | Villager (Male) |
| 3:23 | Construir | Lumber Camp |
| 4:14 | Crear | Villager (Male) |
| 4:14 | Crear | Villager (Male) |
| 4:19 | Crear | Villager (Male) |
| 4:19 | Crear | Villager (Male) |
| 4:59 | Crear | Villager (Male) |
| 5:29 | Construir | Mining Camp |
| 5:47 | Construir | House |
| 6:31 | Crear | Villager (Male) |
| 7:12 | Construir | Palisade Wall |
| 7:24 | Investigar | Loom |
| 7:29 | Construir | Palisade Wall |
| 7:34 | Construir | Palisade Wall |
| 7:35 | Construir | Palisade Wall |
| 7:45 | Investigar | Feudal Age |
| 7:46 | Investigar | Feudal Age |
| 7:46 | Investigar | Feudal Age |
| 8:12 | Construir | Mill |
| 9:39 | Crear | Villager (Male) |
| 9:40 | Crear | Villager (Male) |
| 9:59 | Edad | Edad Feudal |
| 10:07 | Construir | Market |
| 10:12 | Construir | Blacksmith |
| 12:23 | Investigar | Castle Age |
| 12:24 | Investigar | Castle Age |
| 14:19 | Crear | Villager (Male) |
| 14:19 | Crear | Villager (Male) |
| 15:03 | Edad | Edad de los Castillos |
| 15:05 | Construir | Castle |
| 15:15 | Investigar | Town Watch |
| 15:31 | Construir | Mining Camp |
| 15:49 | Crear | Ratha (Ranged) |
| 15:49 | Crear | Ratha (Ranged) |
| 16:01 | Construir | Lumber Camp |
| 16:07 | Crear | Villager (Male) |
| 16:07 | Crear | Villager (Male) |
| 16:07 | Crear | Villager (Male) |
| 16:56 | Crear | Ratha (Ranged) |
| 16:56 | Crear | Ratha (Ranged) |
| 16:57 | Crear | Ratha (Ranged) |
| 17:02 | Construir | Farm |
| 17:12 | Crear | Ratha (Ranged) |
| 17:12 | Crear | Ratha (Ranged) |
| 17:26 | Crear | Ratha (Ranged) |
| 17:43 | Construir | Farm |
| 17:56 | Construir | Farm |
| 18:08 | Crear | Ratha (Ranged) |
| 18:08 | Crear | Ratha (Ranged) |
| 18:30 | Crear | Ratha (Ranged) |
| 18:30 | Crear | Ratha (Ranged) |
| 18:59 | Construir | Farm |
| 19:09 | Construir | Farm |
| 19:13 | Investigar | Padded Archer Armor |
| 19:21 | Crear | Villager (Male) |
| 19:21 | Crear | Villager (Male) |
| 19:21 | Crear | Villager (Male) |
| 19:24 | Construir | Farm |
| 19:25 | Construir | Farm |
| 19:58 | Crear | Villager (Male) |
| 20:01 | Construir | Farm |
| 20:35 | Crear | Villager (Male) |
| 20:35 | Crear | Villager (Male) |
| 20:38 | Crear | Ratha (Ranged) |
| 21:12 | Crear | Ratha (Ranged) |
| 21:12 | Crear | Ratha (Ranged) |
| 21:12 | Crear | Ratha (Ranged) |
| 21:19 | Crear | Villager (Male) |
| 21:25 | Crear | Ratha (Ranged) |
| 21:26 | Crear | Ratha (Ranged) |
| 21:30 | Construir | House |
| 21:31 | Investigar | Double-Bit Axe |
| 21:32 | Investigar | Double-Bit Axe |
| 21:34 | Construir | House |
| 21:51 | Crear | Ratha (Ranged) |
| 21:51 | Crear | Ratha (Ranged) |
| 22:00 | Crear | Villager (Male) |
| 22:00 | Crear | Villager (Male) |
| 22:16 | Crear | Ratha (Ranged) |
| 22:17 | Crear | Ratha (Ranged) |
| 22:25 | Crear | Villager (Male) |
| 22:31 | Construir | Farm |
| 22:34 | Crear | Villager (Male) |
| 22:42 | Crear | Ratha (Ranged) |
| 22:42 | Crear | Ratha (Ranged) |
| 22:43 | Crear | Ratha (Ranged) |
| 22:59 | Crear | Villager (Male) |
| 23:18 | Crear | Ratha (Ranged) |
| 23:18 | Crear | Ratha (Ranged) |
| 23:19 | Crear | Ratha (Ranged) |
| 23:19 | Crear | Ratha (Ranged) |
| 23:40 | Crear | Villager (Male) |
| 24:06 | Investigar | Leather Archer Armor |
| 24:07 | Investigar | Leather Archer Armor |
| 24:14 | Construir | Farm |
| 24:24 | Crear | Ratha (Ranged) |
| 24:24 | Crear | Ratha (Ranged) |
| 24:25 | Crear | Villager (Male) |
| 24:37 | Crear | Villager (Male) |
| 24:53 | Crear | Ratha (Ranged) |
| 24:53 | Crear | Ratha (Ranged) |
| 25:17 | Crear | Ratha (Ranged) |
| 25:17 | Crear | Ratha (Ranged) |
| 25:17 | Crear | Ratha (Ranged) |
| 25:25 | Investigar | Forging |
| 25:26 | Investigar | Forging |
| 25:41 | Crear | Villager (Male) |
| 25:41 | Crear | Villager (Male) |
| 25:56 | Crear | Ratha (Ranged) |
| 25:57 | Crear | Ratha (Ranged) |
| 25:57 | Crear | Ratha (Ranged) |
| 25:57 | Crear | Ratha (Ranged) |
| 25:58 | Crear | Villager (Male) |
| 26:24 | Crear | Villager (Male) |
| 26:29 | Crear | Ratha (Ranged) |
| 26:30 | Crear | Ratha (Ranged) |
| 26:50 | Crear | Villager (Male) |
| 27:04 | Crear | Villager (Male) |
| 27:22 | Crear | Villager (Male) |
| 27:34 | Construir | Town Center |
| 28:09 | Crear | Ratha (Ranged) |
| 28:09 | Crear | Ratha (Ranged) |
| 28:13 | Crear | Villager (Male) |
| 28:13 | Crear | Villager (Male) |
| 28:13 | Crear | Villager (Male) |
| 28:14 | Crear | Villager (Male) |
| 28:42 | Crear | Villager (Male) |
| 28:42 | Crear | Villager (Male) |
| 28:42 | Construir | Farm |
| 28:46 | Construir | Farm |
| 28:46 | Construir | Farm |
| 28:58 | Crear | Villager (Male) |
| 28:58 | Crear | Villager (Male) |
| 29:01 | Crear | Villager (Male) |
| 29:01 | Crear | Villager (Male) |
| 29:18 | Construir | Farm |
| 29:23 | Investigar | Horse Collar |
Build order — scorpion145
Primeras 150 de 438 acciones detectadas
| 0:04 | Construir | Town Center |
| 1:13 | Crear | Villager (Male) |
| 1:14 | Crear | Villager (Male) |
| 1:14 | Crear | Villager (Male) |
| 1:14 | Crear | Villager (Male) |
| 1:20 | Investigar | Loom |
| 1:21 | Crear | Villager (Male) |
| 1:22 | Crear | Villager (Male) |
| 1:22 | Crear | Villager (Male) |
| 1:56 | Construir | Lumber Camp |
| 1:57 | Crear | Villager (Male) |
| 1:57 | Crear | Villager (Male) |
| 2:30 | Crear | Villager (Male) |
| 2:30 | Crear | Villager (Male) |
| 2:54 | Crear | Villager (Male) |
| 3:49 | Crear | Villager (Male) |
| 3:49 | Crear | Villager (Male) |
| 3:49 | Crear | Villager (Male) |
| 4:10 | Construir | Mill |
| 4:12 | Crear | Villager (Male) |
| 4:13 | Crear | Villager (Male) |
| 4:28 | Crear | Villager (Male) |
| 6:15 | Crear | Villager (Male) |
| 6:46 | Crear | Villager (Male) |
| 7:05 | Investigar | Feudal Age |
| 7:40 | Construir | Barracks |
| 7:57 | Construir | House |
| 8:40 | Crear | Villager (Male) |
| 8:41 | Crear | Villager (Male) |
| 9:14 | Crear | Villager (Male) |
| 9:18 | Construir | House |
| 9:21 | Edad | Edad Feudal |
| 9:27 | Construir | Stable |
| 9:32 | Investigar | Double-Bit Axe |
| 9:43 | Crear | Villager (Male) |
| 10:23 | Crear | Scout Cavalry |
| 10:23 | Crear | Scout Cavalry |
| 10:50 | Construir | House |
| 10:52 | Construir | Palisade Wall |
| 11:01 | Crear | Scout Cavalry |
| 11:04 | Crear | Villager (Male) |
| 11:04 | Crear | Villager (Male) |
| 11:28 | Crear | Scout Cavalry |
| 11:53 | Crear | Villager (Male) |
| 11:58 | Construir | Farm |
| 12:01 | Construir | Farm |
| 12:03 | Construir | Farm |
| 12:06 | Crear | Villager (Male) |
| 12:46 | Crear | Villager (Male) |
| 12:47 | Crear | Villager (Male) |
| 12:49 | Crear | Scout Cavalry |
| 12:49 | Crear | Scout Cavalry |
| 13:04 | Crear | Villager (Male) |
| 13:06 | Construir | Mining Camp |
| 13:09 | Construir | House |
| 13:13 | Construir | Mill |
| 13:21 | Crear | Villager (Male) |
| 13:35 | Investigar | Wheelbarrow |
| 13:49 | Crear | Villager (Male) |
| 14:01 | Construir | Blacksmith |
| 14:05 | Construir | House |
| 14:19 | Construir | Palisade Gate |
| 14:42 | Crear | Villager (Male) |
| 15:40 | Construir | House |
| 15:42 | Investigar | Castle Age |
| 15:42 | Investigar | Castle Age |
| 15:55 | Construir | Farm |
| 15:55 | Construir | Farm |
| 16:00 | Construir | Farm |
| 16:08 | Construir | Farm |
| 16:16 | Construir | Farm |
| 16:27 | Investigar | Bloodlines |
| 16:33 | Construir | House |
| 16:35 | Construir | Stable |
| 16:55 | Construir | House |
| 17:00 | Construir | Palisade Wall |
| 17:31 | Construir | Farm |
| 17:32 | Construir | Farm |
| 17:35 | Construir | Farm |
| 17:36 | Investigar | Scale Barding Armor |
| 17:48 | Construir | Farm |
| 17:49 | Construir | Farm |
| 18:22 | Edad | Edad de los Castillos |
| 18:26 | Crear | Knight |
| 18:26 | Crear | Knight |
| 18:28 | Crear | Villager (Male) |
| 18:28 | Crear | Villager (Male) |
| 18:32 | Construir | House |
| 18:46 | Investigar | Chain Barding Armor |
| 19:27 | Crear | Knight |
| 19:28 | Crear | Villager (Male) |
| 19:28 | Crear | Villager (Male) |
| 19:39 | Construir | Town Center |
| 20:05 | Crear | Villager (Male) |
| 20:06 | Crear | Knight |
| 20:06 | Crear | Knight |
| 20:10 | Crear | Knight |
| 20:10 | Crear | Knight |
| 20:11 | Crear | Villager (Male) |
| 20:11 | Crear | Villager (Male) |
| 20:28 | Construir | Farm |
| 20:57 | Crear | Knight |
| 20:59 | Crear | Villager (Male) |
| 20:59 | Crear | Villager (Male) |
| 21:11 | Crear | Knight |
| 21:30 | Crear | Knight |
| 21:30 | Crear | Knight |
| 21:42 | Crear | Villager (Male) |
| 21:45 | Crear | Knight |
| 21:48 | Crear | Villager (Male) |
| 21:48 | Crear | Villager (Male) |
| 21:56 | Construir | Farm |
| 22:20 | Investigar | Husbandry |
| 22:21 | Crear | Villager (Male) |
| 22:22 | Crear | Villager (Male) |
| 22:31 | Construir | House |
| 22:32 | Construir | House |
| 22:34 | Construir | Farm |
| 22:35 | Construir | Farm |
| 22:43 | Construir | Lumber Camp |
| 22:45 | Crear | Villager (Male) |
| 22:59 | Crear | Knight |
| 22:59 | Crear | Knight |
| 23:18 | Crear | Villager (Male) |
| 23:18 | Crear | Villager (Male) |
| 23:22 | Construir | Farm |
| 23:24 | Construir | Farm |
| 23:27 | Construir | Farm |
| 23:31 | Crear | Villager (Male) |
| 23:31 | Crear | Villager (Male) |
| 23:34 | Crear | Knight |
| 23:34 | Crear | Knight |
| 24:12 | Crear | Knight |
| 24:12 | Crear | Knight |
| 24:13 | Crear | Villager (Male) |
| 24:13 | Crear | Villager (Male) |
| 24:18 | Crear | Villager (Male) |
| 24:18 | Crear | Villager (Male) |
| 24:27 | Crear | Villager (Male) |
| 24:27 | Crear | Villager (Male) |
| 24:30 | Construir | Farm |
| 24:31 | Construir | Farm |
| 24:34 | Crear | Villager (Male) |
| 24:34 | Crear | Villager (Male) |
| 24:45 | Construir | Farm |
| 24:48 | Crear | Villager (Male) |
| 24:48 | Crear | Villager (Male) |
| 24:53 | Construir | Farm |
| 25:01 | Crear | Villager (Male) |
| 25:13 | Crear | Villager (Male) |
Build order — T
Primeras 150 de 542 acciones detectadas
| 0:03 | Construir | Town Center |
| 1:03 | Crear | Villager (Male) ×4 |
| 1:03 | Crear | Villager (Male) ×4 |
| 1:40 | Crear | Villager (Male) |
| 1:40 | Crear | Villager (Male) |
| 2:20 | Crear | Villager (Male) |
| 2:20 | Crear | Villager (Male) |
| 2:38 | Crear | Villager (Male) |
| 2:38 | Crear | Villager (Male) |
| 2:46 | Construir | Lumber Camp |
| 4:03 | Crear | Villager (Male) |
| 4:03 | Crear | Villager (Male) |
| 4:03 | Crear | Villager (Male) |
| 4:03 | Crear | Villager (Male) |
| 4:54 | Construir | Mill |
| 5:28 | Crear | Villager (Male) |
| 6:02 | Crear | Villager (Male) |
| 6:16 | Investigar | Feudal Age |
| 6:16 | Investigar | Feudal Age |
| 7:34 | Construir | Barracks |
| 8:00 | Crear | Villager (Male) |
| 8:06 | Construir | House |
| 8:26 | Edad | Edad Feudal |
| 8:32 | Construir | Stable |
| 8:32 | Investigar | Double-Bit Axe |
| 8:33 | Investigar | Double-Bit Axe |
| 8:33 | Crear | Villager (Male) |
| 8:59 | Investigar | Horse Collar |
| 9:00 | Crear | Villager (Male) |
| 9:03 | Construir | House |
| 9:04 | Construir | House |
| 9:05 | Construir | House |
| 9:22 | Crear | Scout Cavalry |
| 9:22 | Crear | Scout Cavalry |
| 9:33 | Crear | Villager (Male) |
| 9:34 | Investigar | Loom |
| 9:41 | Crear | Scout Cavalry |
| 9:44 | Crear | Villager (Male) |
| 9:50 | Construir | Farm |
| 10:02 | Crear | Scout Cavalry |
| 10:23 | Crear | Villager (Male) |
| 10:26 | Construir | Blacksmith |
| 10:31 | Construir | Farm |
| 10:34 | Construir | Farm |
| 10:39 | Crear | Scout Cavalry |
| 10:47 | Crear | Villager (Male) |
| 10:52 | Construir | House |
| 11:11 | Construir | Farm |
| 11:13 | Construir | Farm |
| 11:16 | Crear | Villager (Male) |
| 11:22 | Crear | Scout Cavalry |
| 11:30 | Construir | House |
| 11:49 | Crear | Scout Cavalry |
| 12:01 | Construir | House |
| 12:03 | Construir | House |
| 12:06 | Construir | Farm |
| 12:21 | Crear | Villager (Male) |
| 12:24 | Crear | Villager (Male) |
| 12:49 | Construir | Farm |
| 12:49 | Crear | Villager (Male) |
| 13:05 | Construir | House |
| 13:17 | Crear | Scout Cavalry |
| 13:20 | Construir | Palisade Gate |
| 13:23 | Construir | House |
| 13:24 | Construir | Palisade Wall |
| 13:26 | Construir | Palisade Wall |
| 13:35 | Investigar | Forging |
| 13:36 | Crear | Villager (Male) |
| 13:46 | Construir | Farm |
| 13:47 | Crear | Villager (Male) |
| 13:59 | Crear | Scout Cavalry |
| 14:00 | Crear | Scout Cavalry |
| 14:07 | Construir | Mining Camp |
| 14:24 | Crear | Villager (Male) ×2 |
| 14:26 | Construir | Farm |
| 14:36 | Crear | Scout Cavalry |
| 14:36 | Crear | Scout Cavalry |
| 14:46 | Construir | Farm |
| 14:48 | Construir | Farm |
| 14:49 | Crear | Villager (Male) |
| 15:08 | Construir | Farm |
| 15:34 | Crear | Villager (Male) |
| 15:34 | Crear | Villager (Male) |
| 15:40 | Crear | Scout Cavalry |
| 15:43 | Crear | Villager (Male) |
| 15:49 | Construir | Mill |
| 15:49 | Construir | Farm |
| 15:49 | Construir | Farm |
| 15:49 | Construir | Farm |
| 15:50 | Construir | Farm |
| 15:50 | Investigar | Scale Barding Armor |
| 16:09 | Crear | Scout Cavalry |
| 16:49 | Crear | Scout Cavalry |
| 16:49 | Crear | Villager (Male) |
| 16:51 | Construir | Farm |
| 16:54 | Construir | Farm |
| 16:55 | Crear | Villager (Male) |
| 17:02 | Construir | Lumber Camp |
| 17:26 | Crear | Villager (Male) |
| 18:08 | Crear | Villager (Male) |
| 18:43 | Investigar | Castle Age |
| 19:02 | Investigar | Stone Mining |
| 19:02 | Investigar | Stone Mining |
| 19:07 | Construir | Mining Camp |
| 19:25 | Investigar | Gold Mining |
| 20:24 | Investigar | Scale Mail Armor |
| 20:24 | Investigar | Scale Mail Armor |
| 21:23 | Edad | Edad de los Castillos |
| 21:26 | Crear | Villager (Male) |
| 21:26 | Crear | Villager (Male) |
| 21:29 | Construir | Town Center |
| 21:31 | Construir | House |
| 21:34 | Crear | Knight |
| 21:35 | Investigar | Bow Saw |
| 21:35 | Investigar | Bow Saw |
| 21:51 | Investigar | Heavy Plow |
| 21:53 | Crear | Villager (Male) |
| 21:53 | Crear | Villager (Male) |
| 22:09 | Construir | Market |
| 22:15 | Construir | House |
| 22:22 | Crear | Villager (Male) |
| 22:36 | Construir | Town Center |
| 22:41 | Crear | Villager (Male) |
| 22:41 | Crear | Villager (Male) |
| 22:43 | Construir | Farm |
| 23:17 | Crear | Villager (Male) ×5 |
| 23:18 | Crear | Villager (Male) ×3 |
| 23:18 | Crear | Villager (Male) ×3 |
| 23:21 | Construir | Farm |
| 23:22 | Construir | Farm |
| 23:23 | Construir | Farm |
| 23:42 | Construir | Farm |
| 23:49 | Construir | House |
| 23:56 | Construir | Farm |
| 23:57 | Construir | Farm |
| 23:59 | Construir | Farm |
| 24:00 | Crear | Villager (Male) ×3 |
| 24:00 | Crear | Villager (Male) ×3 |
| 24:27 | Construir | Castle |
| 24:30 | Crear | Villager (Male) ×3 |
| 24:31 | Crear | Villager (Male) ×3 |
| 24:33 | Construir | Farm |
| 24:49 | Crear | Villager (Male) |
| 24:51 | Construir | Farm |
| 24:52 | Construir | Farm |
| 24:54 | Construir | Farm |
| 25:01 | Crear | Villager (Male) |
| 25:01 | Crear | Villager (Male) |
| 25:02 | Construir | Farm |
| 25:03 | Construir | Farm |
Build order — sadys
Primeras 150 de 345 acciones detectadas
| 0:06 | Construir | Town Center |
| 1:27 | Crear | Villager (Male) |
| 1:27 | Crear | Villager (Male) |
| 1:27 | Crear | Villager (Male) |
| 1:27 | Crear | Villager (Male) |
| 1:28 | Crear | Villager (Male) |
| 1:49 | Construir | Mill |
| 2:32 | Crear | Villager (Male) |
| 2:32 | Crear | Villager (Male) |
| 2:32 | Crear | Villager (Male) |
| 2:39 | Crear | Villager (Male) |
| 2:39 | Crear | Villager (Male) |
| 3:13 | Crear | Villager (Male) |
| 3:14 | Crear | Villager (Male) |
| 3:33 | Crear | Villager (Male) |
| 3:34 | Crear | Villager (Male) |
| 3:41 | Construir | Lumber Camp |
| 3:46 | Crear | Villager (Male) |
| 3:47 | Crear | Villager (Male) |
| 4:18 | Crear | Villager (Male) |
| 4:40 | Crear | Villager (Male) |
| 5:47 | Crear | Villager (Male) |
| 6:05 | Crear | Villager (Male) |
| 6:11 | Construir | House |
| 6:22 | Construir | Mill |
| 6:39 | Construir | House |
| 7:31 | Construir | Palisade Wall |
| 7:33 | Crear | Villager (Male) |
| 7:54 | Construir | Palisade Wall |
| 7:58 | Crear | Villager (Male) |
| 8:14 | Construir | Palisade Wall |
| 8:35 | Construir | Mining Camp |
| 8:35 | Crear | Villager (Male) |
| 8:41 | Construir | Palisade Wall |
| 8:54 | Investigar | Loom |
| 8:54 | Investigar | Loom |
| 8:54 | Investigar | Feudal Age |
| 8:55 | Investigar | Feudal Age |
| 9:47 | Construir | House |
| 10:59 | Construir | House |
| 11:15 | Crear | Villager (Male) |
| 11:35 | Edad | Edad Feudal |
| 11:40 | Construir | Blacksmith |
| 11:59 | Construir | Market |
| 12:05 | Crear | Villager (Male) |
| 12:51 | Investigar | Castle Age |
| 12:52 | Investigar | Castle Age |
| 12:52 | Investigar | Castle Age |
| 13:19 | Construir | House |
| 13:24 | Construir | House |
| 13:25 | Crear | Villager (Male) |
| 13:36 | Construir | House |
| 13:39 | Construir | House |
| 14:31 | Crear | Villager (Male) |
| 14:56 | Crear | Villager (Male) |
| 15:21 | Crear | Villager (Male) |
| 15:31 | Edad | Edad de los Castillos |
| 15:41 | Construir | Castle |
| 15:48 | Construir | Mill |
| 16:00 | Construir | Palisade Wall |
| 16:16 | Investigar | Fletching |
| 16:16 | Investigar | Fletching |
| 16:18 | Investigar | Double-Bit Axe |
| 16:18 | Investigar | Double-Bit Axe |
| 16:57 | Construir | House |
| 17:01 | Crear | Mangudai |
| 17:02 | Crear | Mangudai |
| 17:11 | Crear | Villager (Male) |
| 17:15 | Crear | Mangudai |
| 17:35 | Crear | Mangudai |
| 17:42 | Crear | Villager (Male) |
| 17:50 | Construir | Mill |
| 18:01 | Investigar | Bodkin Arrow |
| 18:02 | Investigar | Bodkin Arrow |
| 18:20 | Crear | Mangudai |
| 18:43 | Crear | Mangudai |
| 18:44 | Crear | Mangudai |
| 18:56 | Crear | Mangudai |
| 19:00 | Crear | Villager (Male) |
| 19:02 | Construir | Farm |
| 19:40 | Crear | Mangudai |
| 19:40 | Crear | Mangudai |
| 20:03 | Crear | Mangudai |
| 20:04 | Crear | Villager (Male) |
| 20:21 | Crear | Villager (Male) |
| 20:49 | Crear | Mangudai |
| 21:04 | Crear | Mangudai |
| 21:05 | Crear | Villager (Male) |
| 21:09 | Construir | House |
| 21:10 | Construir | House |
| 21:17 | Crear | Mangudai |
| 21:26 | Investigar | Bow Saw |
| 21:26 | Investigar | Bow Saw |
| 21:26 | Investigar | Bow Saw |
| 21:36 | Crear | Mangudai |
| 21:55 | Crear | Villager (Male) |
| 22:01 | Construir | University |
| 22:07 | Crear | Mangudai |
| 22:21 | Crear | Mangudai |
| 22:22 | Crear | Villager (Male) |
| 22:27 | Crear | Villager (Male) |
| 23:06 | Crear | Mangudai |
| 23:13 | Investigar | Ballistics |
| 23:13 | Investigar | Ballistics |
| 23:14 | Crear | Villager (Male) |
| 23:28 | Crear | Villager (Male) |
| 23:42 | Crear | Villager (Male) |
| 24:24 | Crear | Mangudai |
| 24:25 | Crear | Villager (Male) |
| 24:26 | Crear | Villager (Male) |
| 24:32 | Crear | Villager (Male) |
| 24:36 | Construir | Town Center |
| 24:49 | Crear | Villager (Male) |
| 24:55 | Construir | Farm |
| 24:56 | Construir | Farm |
| 24:58 | Construir | Farm |
| 24:59 | Construir | Farm |
| 25:11 | Construir | Town Center |
| 25:17 | Crear | Mangudai |
| 25:17 | Crear | Mangudai |
| 26:01 | Construir | Farm |
| 26:01 | Construir | Farm |
| 26:02 | Construir | Farm |
| 26:05 | Crear | Mangudai |
| 26:09 | Investigar | Padded Archer Armor |
| 26:10 | Investigar | Padded Archer Armor |
| 26:10 | Investigar | Padded Archer Armor |
| 26:11 | Crear | Villager (Male) |
| 26:11 | Crear | Villager (Male) |
| 26:11 | Crear | Villager (Male) |
| 26:11 | Crear | Villager (Male) |
| 26:14 | Construir | Lumber Camp |
| 26:32 | Construir | Farm |
| 27:37 | Crear | Mangudai |
| 27:37 | Crear | Mangudai |
| 27:38 | Crear | Villager (Male) |
| 27:38 | Crear | Villager (Male) |
| 27:56 | Crear | Villager (Male) |
| 27:57 | Crear | Mangudai |
| 27:57 | Crear | Mangudai |
| 27:58 | Crear | Villager (Male) |
| 28:00 | Crear | Villager (Male) |
| 28:00 | Crear | Villager (Male) |
| 28:09 | Construir | Farm |
| 28:10 | Construir | Farm |
| 28:14 | Construir | Farm |
| 28:15 | Construir | Farm |
| 28:18 | Crear | Villager (Male) |
| 28:24 | Crear | Mangudai |
| 28:25 | Crear | Mangudai |
Build order — Zni.speedlimit
Primeras 150 de 462 acciones detectadas
| 0:09 | Construir | Town Center |
| 1:13 | Crear | Villager (Male) |
| 1:13 | Crear | Villager (Male) |
| 1:21 | Crear | Villager (Male) |
| 1:26 | Crear | Villager (Male) |
| 2:35 | Construir | Mule Cart |
| 2:47 | Crear | Villager (Male) |
| 2:47 | Crear | Villager (Male) |
| 2:47 | Crear | Villager (Male) |
| 2:48 | Crear | Villager (Male) |
| 2:57 | Construir | Mule Cart |
| 4:01 | Crear | Villager (Male) |
| 4:02 | Crear | Villager (Male) |
| 4:03 | Crear | Villager (Male) |
| 4:42 | Crear | Villager (Male) |
| 4:42 | Crear | Villager (Male) |
| 4:45 | Crear | Villager (Male) |
| 4:45 | Crear | Villager (Male) |
| 4:45 | Crear | Villager (Male) |
| 4:45 | Crear | Villager (Male) |
| 4:56 | Crear | Villager (Male) |
| 5:10 | Construir | Mill |
| 5:26 | Construir | House |
| 6:12 | Crear | Villager (Male) |
| 6:17 | Construir | House |
| 6:42 | Investigar | Loom |
| 7:19 | Investigar | Feudal Age |
| 7:19 | Investigar | Feudal Age |
| 7:47 | Construir | Mule Cart |
| 8:10 | Construir | Barracks |
| 9:16 | Crear | Villager (Male) |
| 9:38 | Edad | Edad Feudal |
| 9:45 | Construir | Archery Range |
| 9:51 | Crear | Villager (Male) |
| 9:59 | Construir | Archery Range |
| 10:08 | Crear | Villager (Male) |
| 10:10 | Investigar | Double-Bit Axe |
| 10:10 | Investigar | Double-Bit Axe |
| 10:11 | Investigar | Double-Bit Axe |
| 10:26 | Crear | Villager (Male) |
| 10:38 | Crear | Archer |
| 10:39 | Crear | Archer |
| 10:43 | Construir | House |
| 10:55 | Construir | Blacksmith |
| 11:01 | Crear | Villager (Male) |
| 11:01 | Crear | Archer |
| 11:10 | Crear | Villager (Male) |
| 11:14 | Crear | Archer |
| 11:20 | Crear | Archer |
| 11:20 | Crear | Archer |
| 11:26 | Construir | House |
| 11:28 | Crear | Villager (Male) |
| 11:36 | Crear | Spearman |
| 11:43 | Investigar | Fletching |
| 11:43 | Investigar | Fletching |
| 11:51 | Crear | Archer |
| 11:53 | Crear | Villager (Male) |
| 11:54 | Construir | House |
| 12:05 | Crear | Archer |
| 12:13 | Crear | Archer |
| 12:14 | Crear | Villager (Male) |
| 12:21 | Construir | House |
| 12:22 | Crear | Archer |
| 12:30 | Crear | Archer |
| 12:46 | Crear | Archer |
| 12:54 | Crear | Villager (Male) |
| 13:07 | Crear | Archer |
| 13:22 | Crear | Archer |
| 13:25 | Crear | Villager (Male) |
| 13:29 | Crear | Archer |
| 13:37 | Construir | House |
| 13:38 | Construir | House |
| 13:39 | Construir | House |
| 13:59 | Crear | Archer |
| 14:02 | Crear | Villager (Male) |
| 14:06 | Crear | Archer |
| 14:15 | Crear | Villager (Male) |
| 14:23 | Investigar | Horse Collar |
| 14:23 | Investigar | Horse Collar |
| 14:25 | Crear | Archer |
| 14:39 | Crear | Spearman |
| 14:39 | Crear | Spearman |
| 14:46 | Crear | Archer |
| 14:47 | Crear | Villager (Male) |
| 14:54 | Construir | Farm |
| 14:55 | Construir | Farm |
| 14:56 | Construir | Farm |
| 14:59 | Crear | Villager (Male) |
| 15:09 | Crear | Archer |
| 15:13 | Construir | House |
| 15:19 | Crear | Villager (Male) |
| 15:29 | Crear | Villager (Male) |
| 15:50 | Construir | House |
| 15:51 | Construir | House |
| 15:53 | Crear | Villager (Male) |
| 16:03 | Crear | Spearman |
| 16:06 | Construir | Farm |
| 16:07 | Construir | Farm |
| 16:08 | Construir | Farm |
| 16:09 | Construir | Farm |
| 16:37 | Crear | Villager (Male) |
| 16:48 | Construir | Farm |
| 16:52 | Construir | Farm |
| 16:53 | Construir | Farm |
| 16:57 | Construir | Farm |
| 17:20 | Construir | Farm |
| 17:21 | Crear | Villager (Male) |
| 17:22 | Construir | Farm |
| 17:34 | Crear | Villager (Male) |
| 17:51 | Construir | Watch Tower |
| 17:54 | Crear | Villager (Male) |
| 17:57 | Construir | House |
| 18:03 | Construir | Palisade Wall |
| 18:05 | Crear | Villager (Male) |
| 18:07 | Construir | House |
| 18:07 | Construir | House |
| 18:24 | Construir | Farm |
| 18:25 | Construir | Farm |
| 18:27 | Construir | Farm |
| 18:28 | Crear | Villager (Male) |
| 18:51 | Construir | Market |
| 19:04 | Construir | House |
| 19:13 | Construir | Farm |
| 19:14 | Crear | Villager (Male) |
| 19:34 | Construir | House |
| 19:35 | Construir | House |
| 19:45 | Construir | House |
| 19:59 | Construir | Palisade Wall |
| 20:11 | Investigar | Castle Age |
| 20:11 | Investigar | Castle Age |
| 20:14 | Crear | Archer |
| 20:14 | Crear | Archer |
| 20:24 | Construir | House |
| 20:25 | Construir | House |
| 20:54 | Construir | Mule Cart |
| 21:04 | Crear | Archer |
| 21:05 | Crear | Archer |
| 21:17 | Construir | House |
| 21:20 | Construir | House |
| 21:22 | Construir | House |
| 21:28 | Construir | House |
| 21:28 | Crear | Archer |
| 21:33 | Crear | Archer |
| 21:56 | Crear | Archer |
| 22:07 | Crear | Archer |
| 22:20 | Investigar | Wheelbarrow |
| 22:27 | Construir | Archery Range |
| 22:43 | Investigar | Gold Mining |
| 22:51 | Edad | Edad de los Castillos |
| 22:57 | Investigar | Crossbowman (upgrade) |
Build order — 种田小胡
Primeras 150 de 468 acciones detectadas
| 0:05 | Construir | Town Center |
| 1:08 | Crear | Villager (Male) |
| 1:09 | Crear | Villager (Male) |
| 1:09 | Crear | Villager (Male) |
| 1:09 | Crear | Villager (Male) |
| 1:10 | Crear | Villager (Male) |
| 1:48 | Construir | Mill |
| 1:49 | Crear | Villager (Male) |
| 1:50 | Crear | Villager (Male) |
| 2:35 | Crear | Villager (Male) |
| 3:08 | Crear | Villager (Male) |
| 3:30 | Crear | Villager (Male) |
| 4:17 | Crear | Villager (Male) |
| 4:17 | Crear | Villager (Male) |
| 4:32 | Construir | House |
| 5:01 | Crear | Villager (Male) |
| 5:01 | Crear | Villager (Male) |
| 5:31 | Construir | Lumber Camp |
| 6:03 | Investigar | Loom |
| 6:23 | Investigar | Feudal Age |
| 7:02 | Crear | Villager (Male) |
| 7:03 | Crear | Villager (Male) |
| 7:39 | Crear | Villager (Male) |
| 7:51 | Construir | Barracks |
| 8:37 | Construir | House |
| 8:43 | Edad | Edad Feudal |
| 8:49 | Construir | Stable |
| 9:08 | Investigar | Double-Bit Axe |
| 9:09 | Investigar | Double-Bit Axe |
| 9:37 | Crear | Scout Cavalry |
| 9:37 | Crear | Scout Cavalry |
| 9:41 | Construir | Farm |
| 9:47 | Construir | House |
| 9:51 | Construir | Farm |
| 9:54 | Crear | Scout Cavalry |
| 9:55 | Crear | Villager (Male) |
| 9:57 | Crear | Villager (Male) |
| 10:08 | Crear | Scout Cavalry |
| 10:17 | Crear | Villager (Male) |
| 10:22 | Construir | House |
| 10:26 | Construir | Palisade Wall |
| 10:30 | Construir | Palisade Wall |
| 10:35 | Crear | Villager (Male) |
| 10:45 | Construir | House |
| 10:52 | Construir | Farm |
| 11:08 | Crear | Scout Cavalry |
| 11:21 | Construir | House |
| 11:27 | Construir | Palisade Wall |
| 11:31 | Construir | Palisade Wall |
| 11:34 | Crear | Villager (Male) |
| 11:44 | Construir | Farm |
| 11:48 | Crear | Scout Cavalry |
| 11:52 | Construir | Farm |
| 12:09 | Construir | Farm |
| 12:10 | Crear | Villager (Male) |
| 12:22 | Crear | Villager (Male) |
| 12:46 | Construir | Blacksmith |
| 12:56 | Crear | Villager (Male) |
| 13:02 | Crear | Scout Cavalry |
| 13:18 | Crear | Villager (Male) |
| 13:33 | Crear | Scout Cavalry |
| 13:36 | Construir | Farm |
| 13:39 | Construir | Farm |
| 13:45 | Construir | House |
| 13:56 | Crear | Villager (Male) |
| 14:03 | Construir | House |
| 14:13 | Investigar | Bloodlines |
| 14:18 | Construir | House |
| 14:19 | Crear | Villager (Male) |
| 14:39 | Construir | Farm |
| 14:39 | Construir | Farm |
| 14:40 | Construir | Farm |
| 14:40 | Construir | Farm |
| 14:49 | Investigar | Scale Barding Armor |
| 14:53 | Construir | House |
| 14:54 | Crear | Villager (Male) |
| 15:22 | Crear | Villager (Male) |
| 15:26 | Construir | Farm |
| 15:28 | Construir | Farm |
| 15:41 | Crear | Villager (Male) |
| 15:43 | Crear | Scout Cavalry |
| 15:51 | Construir | House |
| 16:03 | Investigar | Forging |
| 16:06 | Construir | House |
| 16:26 | Crear | Villager (Male) |
| 16:31 | Construir | Mining Camp |
| 16:46 | Crear | Scout Cavalry |
| 16:47 | Crear | Villager (Male) |
| 17:03 | Construir | Lumber Camp |
| 17:08 | Construir | Farm |
| 17:21 | Crear | Villager (Male) |
| 17:31 | Crear | Scout Cavalry |
| 17:32 | Crear | Scout Cavalry |
| 17:37 | Crear | Scout Cavalry |
| 17:38 | Crear | Villager (Male) |
| 17:55 | Construir | Farm |
| 18:05 | Construir | Stable |
| 18:18 | Crear | Villager (Male) |
| 18:22 | Construir | Farm |
| 18:38 | Crear | Villager (Male) |
| 18:42 | Construir | House |
| 18:52 | Investigar | Wheelbarrow |
| 18:56 | Construir | Farm |
| 18:57 | Construir | Farm |
| 19:16 | Crear | Scout Cavalry |
| 19:16 | Crear | Scout Cavalry |
| 19:19 | Crear | Villager (Male) |
| 19:23 | Construir | Farm |
| 19:42 | Crear | Villager (Male) |
| 19:45 | Crear | Scout Cavalry |
| 20:12 | Crear | Scout Cavalry |
| 20:12 | Crear | Scout Cavalry |
| 20:16 | Construir | House |
| 20:20 | Investigar | Horse Collar |
| 20:20 | Investigar | Horse Collar |
| 20:26 | Construir | Mill |
| 20:27 | Construir | Farm |
| 20:27 | Construir | Farm |
| 20:27 | Construir | Farm |
| 20:27 | Construir | Farm |
| 20:28 | Construir | Farm |
| 20:28 | Construir | Farm |
| 20:28 | Construir | Farm |
| 20:29 | Construir | Farm |
| 20:59 | Construir | Lumber Camp |
| 21:22 | Crear | Villager (Male) |
| 21:41 | Crear | Villager (Male) |
| 22:09 | Construir | Farm |
| 22:10 | Crear | Villager (Male) |
| 22:33 | Investigar | Castle Age |
| 23:04 | Investigar | Gold Mining |
| 23:10 | Crear | Scout Cavalry |
| 23:10 | Crear | Scout Cavalry |
| 23:12 | Crear | Scout Cavalry |
| 23:12 | Crear | Scout Cavalry |
| 23:18 | Crear | Villager (Male) |
| 23:25 | Construir | Stable |
| 23:36 | Crear | Scout Cavalry |
| 23:45 | Crear | Scout Cavalry |
| 24:00 | Crear | Villager (Male) |
| 24:09 | Construir | Farm |
| 24:10 | Construir | Farm |
| 24:21 | Crear | Scout Cavalry |
| 24:21 | Crear | Scout Cavalry |
| 24:25 | Construir | House |
| 24:38 | Construir | Palisade Gate |
| 24:44 | Crear | Scout Cavalry |
| 24:44 | Crear | Scout Cavalry |
| 24:44 | Crear | Scout Cavalry |
| 24:47 | Crear | Villager (Male) |
Build order — Eugenius
Primeras 150 de 517 acciones detectadas
| 0:04 | Construir | Town Center |
| 1:06 | Crear | Villager (Male) |
| 1:06 | Crear | Villager (Male) |
| 1:06 | Crear | Villager (Male) |
| 1:06 | Crear | Villager (Male) |
| 1:07 | Crear | Villager (Male) |
| 1:07 | Crear | Villager (Male) |
| 1:50 | Crear | Villager (Male) |
| 1:50 | Crear | Villager (Male) |
| 2:05 | Construir | Lumber Camp |
| 2:26 | Crear | Villager (Male) |
| 2:27 | Crear | Villager (Male) |
| 2:59 | Crear | Villager (Male) |
| 3:29 | Crear | Villager (Male) |
| 3:29 | Crear | Villager (Male) |
| 3:31 | Crear | Villager (Male) |
| 4:25 | Crear | Villager (Male) |
| 4:37 | Crear | Villager (Male) |
| 4:45 | Crear | Villager (Male) |
| 4:54 | Construir | Mill |
| 6:15 | Investigar | Feudal Age |
| 6:18 | Construir | Mining Camp |
| 7:15 | Construir | Barracks |
| 7:20 | Crear | Villager (Male) |
| 7:32 | Investigar | Loom |
| 7:32 | Investigar | Loom |
| 7:56 | Construir | House |
| 8:22 | Construir | House |
| 8:25 | Edad | Edad Feudal |
| 8:29 | Construir | Archery Range |
| 8:31 | Construir | Archery Range |
| 8:33 | Investigar | Double-Bit Axe |
| 8:33 | Investigar | Double-Bit Axe |
| 9:24 | Crear | Archer |
| 9:25 | Crear | Archer |
| 9:26 | Construir | House |
| 9:44 | Crear | Villager (Male) |
| 9:44 | Crear | Villager (Male) |
| 9:52 | Crear | Archer |
| 9:52 | Crear | Archer |
| 9:57 | Construir | Blacksmith |
| 10:01 | Construir | House |
| 10:02 | Construir | Palisade Wall |
| 10:23 | Crear | Villager (Male) |
| 10:23 | Crear | Villager (Male) |
| 10:48 | Investigar | Fletching |
| 10:48 | Investigar | Fletching |
| 11:05 | Crear | Villager (Male) |
| 11:22 | Crear | Villager (Male) |
| 11:33 | Crear | Archer |
| 11:33 | Crear | Archer |
| 11:33 | Crear | Archer |
| 11:52 | Construir | House |
| 12:46 | Crear | Villager (Male) |
| 12:48 | Crear | Archer |
| 12:48 | Crear | Archer |
| 12:53 | Construir | House |
| 12:55 | Construir | House |
| 12:56 | Construir | House |
| 13:02 | Crear | Archer |
| 13:02 | Crear | Archer |
| 13:02 | Crear | Archer |
| 13:18 | Construir | Palisade Wall |
| 13:19 | Construir | Palisade Wall |
| 13:22 | Construir | Palisade Wall |
| 13:24 | Construir | Palisade Wall |
| 13:24 | Construir | Palisade Wall |
| 13:30 | Crear | Villager (Male) |
| 13:41 | Crear | Archer |
| 13:41 | Crear | Archer |
| 14:03 | Crear | Archer |
| 14:03 | Crear | Archer |
| 14:03 | Crear | Archer |
| 14:05 | Crear | Villager (Male) |
| 14:05 | Crear | Villager (Male) |
| 14:12 | Construir | House |
| 14:16 | Construir | Palisade Wall |
| 14:17 | Construir | Palisade Wall |
| 14:17 | Construir | Palisade Wall |
| 14:21 | Construir | Palisade Wall |
| 14:22 | Construir | Palisade Wall |
| 14:24 | Crear | Villager (Male) |
| 14:49 | Crear | Archer |
| 15:10 | Crear | Villager (Male) |
| 15:11 | Crear | Archer |
| 15:41 | Crear | Villager (Male) |
| 15:47 | Construir | Market |
| 15:50 | Construir | House |
| 15:58 | Crear | Villager (Male) |
| 16:17 | Crear | Villager (Male) |
| 16:24 | Construir | Stone Wall |
| 16:29 | Construir | Gate |
| 16:31 | Construir | Stone Wall |
| 16:57 | Crear | Archer |
| 16:57 | Crear | Archer |
| 17:03 | Investigar | Castle Age |
| 17:03 | Investigar | Castle Age |
| 17:34 | Construir | Stone Wall |
| 17:41 | Construir | Stone Wall |
| 17:44 | Construir | Stone Wall |
| 17:48 | Construir | Stone Wall |
| 17:59 | Crear | Archer |
| 17:59 | Crear | Archer |
| 18:15 | Investigar | Padded Archer Armor |
| 18:15 | Investigar | Padded Archer Armor |
| 18:16 | Crear | Archer |
| 18:25 | Construir | Mining Camp |
| 18:27 | Investigar | Gold Mining |
| 18:27 | Investigar | Gold Mining |
| 18:29 | Investigar | Horse Collar |
| 18:29 | Investigar | Horse Collar |
| 18:37 | Crear | Archer |
| 18:37 | Crear | Archer |
| 19:04 | Crear | Villager (Male) |
| 19:08 | Crear | Archer |
| 19:09 | Crear | Archer |
| 19:43 | Edad | Edad de los Castillos |
| 19:44 | Investigar | Bodkin Arrow |
| 19:44 | Investigar | Bodkin Arrow |
| 19:55 | Investigar | Crossbowman (upgrade) |
| 19:56 | Investigar | Crossbowman (upgrade) |
| 19:56 | Investigar | Crossbowman (upgrade) |
| 20:43 | Construir | Town Center |
| 20:50 | Crear | Archer |
| 20:51 | Crear | Archer |
| 20:58 | Construir | House |
| 21:07 | Crear | Villager (Male) |
| 21:12 | Crear | Archer |
| 21:12 | Crear | Archer |
| 21:17 | Crear | Archer |
| 21:17 | Crear | Archer |
| 22:00 | Crear | Villager (Male) |
| 22:02 | Construir | House |
| 22:04 | Crear | Villager (Male) |
| 22:04 | Crear | Villager (Male) |
| 22:09 | Crear | Villager (Male) |
| 22:09 | Crear | Villager (Male) |
| 22:10 | Construir | Farm |
| 22:12 | Construir | Farm |
| 22:35 | Construir | Farm |
| 22:36 | Construir | Farm |
| 22:42 | Investigar | Town Watch |
| 22:42 | Investigar | Town Watch |
| 22:43 | Crear | Villager (Male) |
| 23:08 | Construir | Farm |
| 23:10 | Construir | Farm |
| 23:11 | Crear | Villager (Male) |
| 23:13 | Crear | Villager (Male) |
| 23:23 | Investigar | Bow Saw |
| 23:23 | Investigar | Bow Saw |
Cronología de la partida
| 4:13 | 黑炎柠檬茶 · wall_segment Palisade Wall x11 |
| 5:38 | 黑炎柠檬茶 · wall_segment Palisade Wall x1 |
| 5:43 | 黑炎柠檬茶 · wall_segment Palisade Wall x15 |
| 5:48 | 黑炎柠檬茶 · wall_segment Palisade Wall x17 |
| 7:12 | 银背小猩猩 · wall_segment Palisade Wall x5 |
| 7:15 | Eugenius · first_building Barracks |
| 7:29 | 银背小猩猩 · wall_segment Palisade Wall x3 |
| 7:31 | sadys · wall_segment Palisade Wall x7 |
| 7:34 | 银背小猩猩 · wall_segment Palisade Wall x3 |
| 7:34 | T · first_building Barracks |
| 7:35 | 银背小猩猩 · wall_segment Palisade Wall x2 |
| 7:40 | scorpion145 · first_building Barracks |
| 7:51 | 种田小胡 · first_building Barracks |
| 7:54 | sadys · wall_segment Palisade Wall x6 |
| 8:10 | Zni.speedlimit · first_building Barracks |
| 8:14 | sadys · wall_segment Palisade Wall x9 |
| 8:25 | Eugenius · age_up feudal |
| 8:26 | T · age_up feudal |
| 8:29 | Eugenius · first_building Archery Range |
| 8:32 | T · first_building Stable |
| 8:41 | sadys · wall_segment Palisade Wall x4 |
| 8:43 | 种田小胡 · age_up feudal |
| 8:49 | 种田小胡 · first_building Stable |
| 9:21 | scorpion145 · age_up feudal |
| 9:27 | scorpion145 · first_building Stable |
| 9:38 | Zni.speedlimit · age_up feudal |
| 9:45 | Zni.speedlimit · first_building Archery Range |
| 9:58 | 黑炎柠檬茶 · wall_segment Palisade Wall x2 |
| 9:59 | 银背小猩猩 · age_up feudal |
| 10:02 | Eugenius · wall_segment Palisade Wall x5 |
| 10:26 | 种田小胡 · wall_segment Palisade Wall x6 |
| 10:30 | 种田小胡 · wall_segment Palisade Wall x1 |
| 10:52 | scorpion145 · wall_segment Palisade Wall x4 |
| 11:00 | 银背小猩猩 · first_market_sell 100 wood |
| 11:10 | 黑炎柠檬茶 · wall_segment Palisade Wall x4 |
| 11:21 | 黑炎柠檬茶 · wall_segment Palisade Wall x5 |
| 11:27 | 种田小胡 · wall_segment Palisade Wall x6 |
| 11:31 | 种田小胡 · wall_segment Palisade Wall x9 |
| 11:35 | sadys · age_up feudal |
| 11:58 | 黑炎柠檬茶 · wall_segment Palisade Wall x17 |
| 12:01 | 黑炎柠檬茶 · age_up feudal |
| 13:15 | 银背小猩猩 · first_market_buy 100 stone |
| 13:18 | Eugenius · wall_segment Palisade Wall x1 |
| 13:19 | Eugenius · wall_segment Palisade Wall x1 |
| 13:22 | Eugenius · wall_segment Palisade Wall x1 |
| 13:24 | Eugenius · wall_segment Palisade Wall x1 |
| 13:24 | T · wall_segment Palisade Wall x1 |
| 13:24 | Eugenius · wall_segment Palisade Wall x1 |
| 13:26 | T · wall_segment Palisade Wall x1 |
| 13:59 | 黑炎柠檬茶 · wall_segment Palisade Wall x1 |
| 14:16 | Eugenius · wall_segment Palisade Wall x1 |
| 14:17 | Eugenius · wall_segment Palisade Wall x1 |
| 14:17 | Eugenius · wall_segment Palisade Wall x1 |
| 14:21 | Eugenius · wall_segment Palisade Wall x1 |
| 14:22 | Eugenius · wall_segment Palisade Wall x1 |
| 14:59 | 黑炎柠檬茶 · wall_segment Palisade Wall x1 |
| 15:03 | 银背小猩猩 · age_up castle |
| 15:05 | 银背小猩猩 · first_building Castle |
| 15:31 | sadys · age_up castle |
| 15:41 | sadys · first_building Castle |
| 15:44 | 黑炎柠檬茶 · wall_segment Palisade Wall x1 |
| 15:56 | 黑炎柠檬茶 · age_up castle |
| 16:00 | sadys · wall_segment Palisade Wall x4 |
| 16:13 | sadys · first_market_buy 100 food |
| 16:24 | Eugenius · wall_segment Stone Wall x15 |
| 16:31 | Eugenius · wall_segment Stone Wall x2 |
| 17:00 | scorpion145 · wall_segment Palisade Wall x9 |
| 17:00 | Eugenius · first_market_sell 500 wood |
| 17:01 | Eugenius · first_market_buy 100 food |
| 17:02 | 黑炎柠檬茶 · first_building Castle |
| 17:34 | Eugenius · wall_segment Stone Wall x2 |
| 17:41 | 黑炎柠檬茶 · first_market_buy 100 stone |
| 17:41 | Eugenius · wall_segment Stone Wall x1 |
| 17:44 | Eugenius · wall_segment Stone Wall x1 |
| 17:48 | Eugenius · wall_segment Stone Wall x1 |
| 18:03 | Zni.speedlimit · wall_segment Palisade Wall x7 |
| 18:22 | scorpion145 · age_up castle |
| 19:43 | Eugenius · age_up castle |
| 19:55 | 黑炎柠檬茶 · wall_segment Palisade Wall x1 |
| 19:59 | Zni.speedlimit · wall_segment Palisade Wall x1 |
| 20:10 | Zni.speedlimit · first_market_buy 100 food |
| 21:09 | 黑炎柠檬茶 · first_market_sell 100 wood |
| 21:23 | T · age_up castle |
| 22:51 | Zni.speedlimit · age_up castle |
| 22:56 | Zni.speedlimit · first_market_sell 100 wood |
| 24:27 | T · first_building Castle |
| 25:14 | T · first_market_buy 100 food |
| 25:17 | 种田小胡 · age_up castle |
| 26:19 | T · wall_segment Stone Wall x1 |
| 26:20 | T · wall_segment Stone Wall x1 |
| 26:20 | Zni.speedlimit · first_building Monastery |
| 26:27 | 黑炎柠檬茶 · first_building Siege Workshop |
| 26:27 | T · wall_segment Stone Wall x1 |
| 26:47 | T · wall_segment Stone Wall x1 |
| 27:05 | T · wall_segment Stone Wall x5 |
| 27:18 | Zni.speedlimit · wall_segment Stone Wall x1 |
| 29:03 | sadys · first_building Barracks |
| 30:11 | sadys · first_building Siege Workshop |
| 30:15 | sadys · first_building Stable |
| 30:38 | Zni.speedlimit · first_building Castle |
| 31:22 | T · first_building Monastery |
| 31:33 | scorpion145 · wall_segment Palisade Wall x1 |
| 31:48 | scorpion145 · first_market_buy 100 stone |
| 33:24 | Zni.speedlimit · wall_segment Stone Wall x7 |
| 33:38 | 种田小胡 · first_building Monastery |
| 33:50 | sadys · wall_segment Stone Wall x7 |
| 34:04 | 银背小猩猩 · first_building Monastery |
| 34:06 | Zni.speedlimit · wall_segment Stone Wall x5 |
| 34:09 | Eugenius · first_building Stable |
| 34:09 | Zni.speedlimit · wall_segment Stone Wall x2 |
| 34:22 | Eugenius · first_building Monastery |
| 35:25 | T · first_market_sell 500 food |
| 35:40 | sadys · wall_segment Stone Wall x5 |
| 35:54 | Zni.speedlimit · age_up imperial |
| 36:28 | sadys · first_market_sell 100 food |
| 36:34 | 银背小猩猩 · first_building Siege Workshop |
| 36:52 | 黑炎柠檬茶 · first_building Barracks |
| 37:33 | T · wall_segment Stone Wall x1 |
| 37:36 | T · wall_segment Stone Wall x1 |
| 38:05 | scorpion145 · first_building Monastery |
| 38:36 | T · age_up imperial |
| 38:39 | 银背小猩猩 · first_building Barracks |
| 38:48 | 种田小胡 · age_up imperial |
| 38:50 | scorpion145 · first_building Castle |
| 38:50 | 黑炎柠檬茶 · tribute_sent a jugador 1 |
| 38:50 | 黑炎柠檬茶 · tribute_sent a jugador 2 |
| 38:50 | 黑炎柠檬茶 · tribute_sent a jugador 4 |
| 38:50 | 黑炎柠檬茶 · tribute_sent a jugador 5 |
| 38:50 | 黑炎柠檬茶 · tribute_sent a jugador 6 |
| 38:50 | 黑炎柠檬茶 · tribute_sent a jugador 7 |
| 38:50 | 黑炎柠檬茶 · tribute_sent a jugador 8 |
| 39:24 | 黑炎柠檬茶 · age_up imperial |
| 39:40 | sadys · age_up imperial |
| 39:45 | 银背小猩猩 · tribute_sent a jugador 2 |
| 39:45 | 银背小猩猩 · tribute_sent a jugador 3 |
| 39:45 | 银背小猩猩 · tribute_sent a jugador 4 |
| 39:45 | 银背小猩猩 · tribute_sent a jugador 5 |
| 39:45 | 银背小猩猩 · tribute_sent a jugador 6 |
| 39:45 | 银背小猩猩 · tribute_sent a jugador 7 |
| 39:45 | 银背小猩猩 · tribute_sent a jugador 8 |
| 39:54 | sadys · first_building Archery Range |
| 39:59 | 种田小胡 · first_building Castle |
| 40:11 | 银背小猩猩 · first_building Archery Range |
| 40:15 | Eugenius · age_up imperial |
| 40:48 | Eugenius · wall_segment Stone Wall x1 |
| 41:30 | 黑炎柠檬茶 · wall_segment Stone Wall x1 |
| 41:34 | sadys · wall_segment Stone Wall x2 |
| 41:34 | 黑炎柠檬茶 · wall_segment Stone Wall x1 |
| 41:43 | T · first_building Siege Workshop |
| 41:49 | sadys · wall_segment Stone Wall x5 |
| 41:49 | scorpion145 · age_up imperial |
| 42:01 | sadys · wall_segment Stone Wall x4 |
| 42:06 | sadys · wall_segment Stone Wall x4 |
| 42:29 | Eugenius · first_building Castle |
| 42:30 | Eugenius · first_building Siege Workshop |
| 42:32 | sadys · wall_segment Stone Wall x3 |
| 42:47 | scorpion145 · first_market_sell 100 food |
| 43:25 | 银背小猩猩 · tribute_sent a jugador 2 |
| 43:25 | 银背小猩猩 · tribute_sent a jugador 3 |
| 43:25 | 银背小猩猩 · tribute_sent a jugador 4 |
| 43:25 | 银背小猩猩 · tribute_sent a jugador 5 |
| 43:25 | 银背小猩猩 · tribute_sent a jugador 6 |
| 43:25 | 银背小猩猩 · tribute_sent a jugador 7 |
| 43:25 | 银背小猩猩 · tribute_sent a jugador 8 |
| 44:27 | Zni.speedlimit · first_building Siege Workshop |
| 45:26 | 银背小猩猩 · age_up imperial |
| 45:58 | 银背小猩猩 · resign |
[ ANÁLISIS IA · 1 CRÉDITO ]
¿Qué pasó realmente en esta partida?
Wolo.gg analiza cada decisión: build order, eco, micro, errores típicos por bracket. Análisis personalizado por WhatsApp o Discord en 30 segundos.
Guía civ
Maya
Perfil
Jugador #4481413